 Dungeon Crawl Stone Soup version 0.25.1-8-g42b30a86e7 (webtiles) character file.

Game seed: 1681584497694881406

21 Azimut41r the Charlatan (level 3, -7/23 HPs)
             Began as a Halfling Artificer on Dec 13, 2020.
             Mangled by a worm (9 damage)
             ... on level 2 of the Dungeon.
             The game lasted 00:05:23 (789 turns).

Azimut41r the Charlatan (Halfling Artificer)         Turns: 789, Time: 00:05:23

Health: -7/23      AC:  4    Str: 13    XL:     3   Next: 5%
Magic:  5/5        EV: 15    Int:  9    God:
Gold:   24         SH:  0    Dex: 15    Spells: 2/2 levels left

rFire    . . .     SeeInvis .   a - +0 short sword
rCold    . . .     Gourm    .   (shield restricted)
rNeg     . . .     Faith    .   b - +0 leather armour
rPois    .         Spirit   .   (no helmet)
rElec    .         Reflect  .   (no cloak)
rCorr    .         Harm     .   (no gloves)
MR       .....                  k - +0 pair of boots
Stlth    ++........             (no amulet)
HPRegen  0.07/turn              (no ring)
MPRegen  0.09/turn              (no ring)

@: brilliant
A: small, mutation resistance 1
a: no special abilities


You were on level 2 of the Dungeon.
You were not hungry.

You visited 1 branch of the dungeon, and saw 2 of its levels.

You collected 24 gold pieces.

Inventory:

Hand Weapons
 a - a +0 short sword (weapon)
 i - a +0 whip
Armour
 b - a +0 leather armour (worn)
 h - a +0 kite shield
 k - a +0 pair of boots (worn)
Jewellery
 g - a +4 ring of slaying {unknown}
 m - an uncursed ring of stealth {unknown}
Wands
 c - a wand of flame (14)
 d - a wand of enslavement (15)
 e - a wand of random effects (14)
Scrolls
 j - a scroll of remove curse {unknown}
 l - 2 scrolls of identify {unknown}
 o - 2 scrolls of magic mapping {unknown}
 u - a scroll of enchant weapon {unknown}
Potions
 p - a potion of brilliance
 q - a potion of heal wounds {unknown}
 r - a potion of curing {unknown}
 s - a potion of flight {unknown}
 t - a potion of stabbing {unknown}
Comestibles
 f - 3 rations
 n - 3 chunks of flesh


   Skills:
 + Level 1.0 Fighting
 + Level 1.4 Short Blades
 + Level 0.2 Armour
 + Level 2.4 Dodging
 + Level 1.1 Stealth
 + Level 3.7 Evocations


You had 2 spell levels left.
You didn't know any spells.
Your spell library was empty.

Dungeon Overview and Level Annotations

Branches:
Dungeon (1/15)

Altars:


Innate Abilities, Weirdness & Mutations

You are small and have problems with some larger weapons.
You are somewhat resistant to further mutation.


Message History

The leopard gecko bites you but does no damage.
The kobold barely misses you. The leopard gecko misses you.
The leopard gecko closely misses you. The leopard gecko barely misses you.
The leopard gecko barely misses you. The leopard gecko closely misses you.
The leopard gecko closely misses you.
You see here 25 stones.
The leopard gecko barely misses you. The leopard gecko bites you.
* * * LOW HITPOINT WARNING * * *
The leopard gecko closely misses you. The leopard gecko bites you.
* * * LOW HITPOINT WARNING * * *
The leopard gecko closely misses you. The leopard gecko misses you.
The leopard gecko bites you.
* * * LOW HITPOINT WARNING * * *
You see here 25 stones.
The worm bites you!
You die...

#.# #........
#.# #########
#.# #.# #.#
######### #.#
#.......# #.#
#...###.#
#รท#######.###.#
#.#....@l(Kl..#
#.#.##.w..#####
#.#.##.####
#.#.##.#
#.#####.#.##.#
#............#
#.##.##.####.#
#(#.......####
#.#..........#


You could see a worm, 2 leopard geckos and a kobold.

Vanquished Creatures
  An ooze (D:1)
  A dart slug (D:1)
  2 bats
  A giant cockroach (D:1)
  4 goblins
  A quokka (D:2)
  2 kobolds (D:1)
  4 rats (D:1)
16 creatures vanquished.

Notes
Turn   | Place    | Note
-------+----------+-------------------------------------------
     0 | D:1      | Azimut41r the Halfling Artificer began the quest for the
                  | Orb.
     0 | D:1      | Reached XP level 1. HP: 12/12 MP: 3/3
   354 | D:1      | Reached XP level 2. HP: 16/18 MP: 4/4
   475 | D:1      | Reached skill level 1 in Fighting
   683 | D:1      | You fall into a shaft and drop 1 floor!
   696 | D:2      | Reached XP level 3. HP: 12/23 MP: 5/5
   789 | D:2      | Mangled by a worm

Illustrated notes

Levels and vault maps discovered:
D:1:      sevenhm_arrival_forest_fort_small_1, layout_rooms
D:2:      layout_basic

Skill      XL: |  1  2 |
---------------+-------+-----
Fighting       | 1 |  1.0
Short Blades   | |  1.4
Armour         | |  0.2
Dodging        | |  2.4
Stealth        | |  1.1
Evocations     | |  3.7

Action                   || total
-------------------------++-------
Melee: Short sword       ||    67
Evoke: Wand              ||     2
  Use: Potion            ||     1
Armor: Leather armour    ||    24
Dodge: Dodged            ||    83
